 Dungeon Crawl Stone Soup version 0.31-a0-881-ge136f0c47a (webtiles) character file.

Game seed: 7869731036970169109

16 tilp the Sneak (level 2, -5/20 HPs)
             Began as a Vampire Enchanter on Oct 16, 2023.
             Succumbed to a kobold's poison
             ... on level 1 of the Dungeon.
             The game lasted 00:01:16 (524 turns).

tilp the Sneak (Vampire Enchanter)                   Turns: 524, Time: 00:01:17

Health: -5/20      AC:  2    Str:  7    XL:     2   Next: 37%
Magic:  5/5        EV: 12    Int: 17    God:
Gold:   64         SH:  0    Dex: 14    Spells: 3/5 levels left

rFire   . . .        a - +1 dagger
rCold   . . .        (no shield)
rNeg    . . .        b - +0 robe
rPois   .            (no helmet)
rElec   .            (no cloak)
rCorr   .            (no gloves)
SInv    +            (no boots)
Will    +....        (no amulet)
Stlth   +++          (no ring)
HPRegen 0.43/turn    (no ring)
MPRegen 0.09/turn

%: no passive effects
@: lethally poisoned (-5 -> -32), enlightened, flying, healing quickly
A: alive, fangs 3, see invisible, vampiric 1
a: Exsanguinate


You were on level 1 of the Dungeon.
You visited 1 branch of the dungeon, and saw 1 of its levels.

You collected 64 gold pieces.

Inventory:

Hand Weapons
 a - a +1 dagger (weapon)
Missiles
 g - 8 stones
Armour
 b - a +0 robe (worn)
Jewellery
 h - a ring of fire
Scrolls
 i - a scroll of revelation {unknown}
Potions
 c - 2 potions of invisibility
 d - a potion of heal wounds {unknown}
 e - a potion of enlightenment
 f - a potion of curing {unknown}


   Skills:
 * Level 0.6 Fighting
 * Level 1.6 Short Blades
 + Level 2.3 Dodging
 + Level 4.6 Stealth
 * Level 2.1 Spellcasting
 + Level 4.5 Hexes


You had 3 spell levels left.
You knew the following spells:

 Your Spells              Type           Power      Damage    Failure   Level
a - Ensorcelled Hibernat  Hex/Ice        18%        N/A       12%         2

Your spell library contained the following spells:

 Spells                   Type           Power      Damage    Failure   Level
 Confusing Touch          Hex            17%        N/A       9%          3
 Tukima's Dance           Hex            17%        N/A       9%          3
 Dazzling Flash           Conj/Hex       18%        N/A       22%         3


Dungeon Overview and Level Annotations

Branches:
Dungeon (1/15)

Altars:


Innate Abilities, Weirdness & Mutations

Your natural rate of healing is accelerated.
You have razor-sharp teeth.
You have supernaturally acute eyesight. (SInv)
You are afflicted with vampirism.


Message History

There is a stone staircase leading down here.
A giant cockroach comes into view.
A giant cockroach is nearby!
Found a ring mail.
The giant cockroach bites you.
You hit the giant cockroach.
The giant cockroach is moderately wounded.
The giant cockroach bites you but does no damage.
You hit the giant cockroach.
The giant cockroach is heavily wounded.
The giant cockroach closely misses you.
You hit the giant cockroach.
You kill the giant cockroach!
No target in view!
No target in view!
You see here a giant cockroach corpse.
A kobold comes into view. It is wielding a +2 dagger of venom.
A kobold is nearby!
Found 14 gold pieces.
An endoplasm comes into view.
The kobold hits you with a +2 dagger of venom.
You barely miss the kobold.
The kobold hits you with a +2 dagger of venom.
You are poisoned.
The endoplasm quivers.
You hit the kobold but do no damage.
You feel very sick.
The kobold hits you with a +2 dagger of venom.
* * * LOW HITPOINT WARNING * * *
You are more poisoned.
You closely miss the kobold.
* * * LOW HITPOINT WARNING * * *
You feel very sick.
The kobold hits you with a +2 dagger of venom.
* * * LOW HITPOINT WARNING * * *
You are more poisoned.
Unknown command.
It was a potion of enlightenment.
You feel very buoyant.
You fly up into the air.
You die...

#........## #.#.#.##.#
#.####....####.#.#.##..
#.....#......#......#
#.##.#####.#..>..##.# #
#.# #.#####.##.# #.#
#.......##.# #.#
##########.#
#.##############.#
#@................
......K###############.#
####.#J .......# # #$
###.##### #. #........
#. #.#.##### #. #
#.##### #. #......
#######


You could see an endoplasm and a kobold.

Vanquished Creatures
  A dart slug (D:1)
  An endoplasm (D:1)
  A giant cockroach (D:1)
  A goblin (D:1)
  2 hobgoblins (D:1)
  A quokka (D:1)
  2 frilled lizards (D:1)
  2 kobolds (D:1)
  2 rats (D:1)
13 creatures vanquished.

Notes
Turn   | Place    | Note
-------+----------+-------------------------------------------
     0 | D:1      | tilp the Vampire Enchanter began the quest for the Orb.
     0 | D:1      | Reached XP level 1. HP: 13/13 MP: 3/3
   221 | D:1      | Reached XP level 2. HP: 17/20 MP: 5/5
   224 | D:1      | Learned a level 2 spell: Ensorcelled Hibernation
   523 | D:1      | HP: 1/20 [kobold/+2 dagger of venom (3)]
   524 | D:1      | Succumbed to a kobold's poison

Illustrated notes

Levels and vault maps discovered:
D:1:      eino_arrival_water_star, layout_basic, minmay_tromino_v2

Action                     || total
---------------------------++-------
  Melee: Dagger            ||    54
         Bite              ||     6
    Use: Potion            ||     1
   Stab: Sleeping          ||     2
 Armour: Robe              ||    26
  Dodge: Dodged            ||    21

Table legend: (Time is in decaauts)
 A = Elapsed time spent in this place.
 B = Non-inter-level travel time spent in this place.
 C = Inter-level travel time spent in this place.
 D = Time resting spent in this place.
 E = Time spent auto-exploring this place.
 F = Levels seen in this place.
 G = Mean time per level.
                   A        B        C        D        E       F      G
               +--------+--------+--------+--------+--------+-----+--------+
         Total |    520 |    520 |      0 |      0 |    405 |   1 |  520.0 |
       Dungeon |    520 |    520 |      0 |      0 |    405 |   1 |  520.0 |
               +--------+--------+--------+--------+--------+-----+--------+

Top non-repeatable levels by time:
     D:1: 520 daAuts
